 Dungeon Crawl Stone Soup version 0.22.1-1-ga44c0e56f4 (webtiles) character file.

501 Reeggar the Ruffian (level 6, -10/59 HPs)
             Began as a Troll Berserker on Oct 28, 2018.
             Was a Priest of Trog.
             Killed from afar by Eustachio (16 damage)
             ... with an exploding inner flame
             ... hexed by the player character
             ... on level 4 of the Dungeon.
             The game lasted 00:16:22 (3209 turns).

Reeggar the Ruffian (Troll Berserker)               Turns: 3209, Time: 00:16:22

Health: -10/59     AC:  6    Str: 28    XL:     6   Next: 95%
Magic:  5/5        EV:  8    Int:  3    God:    Trog [***...]
Gold:   229        SH:  7    Dex:  9    Spells: 5/5 levels left

rFire    . . .     SeeInvis .     - Unarmed
rCold    . . .     Gourm    +   r - -1 shield
rNeg     . . .     Faith    .   a - +1 animal skin
rPois    .         Spirit   .   (helmet restricted)
rElec    .         Reflect  .   (no cloak)
rCorr    +         Harm     .   (gloves unavailable)
MR       ++...                  (boots unavailable)
Stlth    +.........             (no amulet)
HPRegen  1.59/turn              i - ring of resist corrosion
MPRegen  0.09/turn              (no ring)

@: berserk cooldown, regenerating
A: large, unfitting armour, claws 3, fast metabolism 3, gourmand, regeneration
1, shaggy fur 1, tough skin 2
a: Berserk, Trog's Hand, Renounce Religion


You were on level 4 of the Dungeon.
You worshipped Trog.
Trog was most pleased with you.
You were not hungry.

You visited 1 branch of the dungeon, and saw 4 of its levels.

You collected 229 gold pieces.

Inventory:

Armour
 a - a +1 animal skin (worn)
 r - a -1 shield (worn)
Jewellery
 i - a ring of resist corrosion (left claw)
Scrolls
 e - a scroll of identify
 m - 4 scrolls of teleportation {unknown}
 o - a scroll of amnesia {unknown}
Potions
 c - a potion of mutation {unknown}
 f - a potion of might {unknown}
 g - a potion of flight {unknown}
 h - a potion of agility {unknown}
 k - 3 potions of curing {unknown}
 n - 2 potions of degeneration {unknown}
 q - a potion of heal wounds {unknown}
Comestibles
 b - 3 rations
 j - a chunk of flesh


   Skills:
 + Level 2.9 Fighting
 + Level 4.1 Dodging
 + Level 0.6 Stealth
 * Level 1.2 Shields
 + Level 6.0 Unarmed Combat


You had 5 spell levels left.
You didn't know any spells.
Your spell library was empty.

Dungeon Overview and Level Annotations

Branches:
Dungeon (4/15)             Temple (0/1) D:4

Altars:

Annotations:
D:4 Menkaure


Innate Abilities, Weirdness & Mutations

You are too large for most types of armour.
You have claws for hands.
Your metabolism is lightning-fast.
You like to eat raw meat.
Your natural rate of healing is unusually fast.
You are covered in fur. (AC +1)
You have very tough skin. (AC +2)


Message History

You assume a fearsome visage.
Eustachio looks frightened!
Menkaure is unaffected.
The shadow imp is unaffected. x2
The river rat looks frightened!
The gnoll shaman looks frightened!
The quokka looks frightened!
The gnoll looks frightened! x2
It was a scroll of fear.
You block the shadow imp's attack.
Menkaure calls on the powers of darkness!
The gnoll shaman convulses!
The gnoll convulses! x2
Your body is wracked with pain!
* * * LOW HITPOINT WARNING * * *
The quokka convulses!
The river rat convulses!
Eustachio casts a spell.
Eustachio blinks!
The gnoll shaman calls upon its god to heal the gnoll.
The gnoll is healed somewhat.
You claw Eustachio!
Eustachio explodes!
The fiery explosion engulfs the bush.
The bush is on fire!
The bush is moderately damaged.
The fiery explosion engulfs you!
You die...

####'###....# #.#.# .....
#.#......# #.#.# ..$..
#........########.#.## ...h.
#..#####.'........#..# .M.[.
####PPP#########..##.#
..g.h#########P...P# #....)#
.....#(...(..#Prr.P# #.#####
.....#)†.....#P..5P########.#
.............##P@P##..(....>#
#............5##§##..########
#(.....#...#...#gM...#
#......#...#.5...5...#
#......#........g....#
####...###...........#
###.............###
##......(.....#
#....##......#


You could see Menkaure (inner flame), a gnoll shaman (inner flame), a gnoll
(inner flame), a river rat (fleeing), 2 shadow imps and a quokka (fleeing).

Vanquished Creatures
  Grinder (D:3)
  A hound (D:3)
  4 orc wizards (D:3)
  6 gnolls
  2 adders
  A shadow imp (D:4)
  An ooze (D:3)
  3 worms
  4 dart slugs
  A leopard gecko (D:2)
  2 orcs (D:3)
  9 giant cockroaches
  5 goblins
  6 hobgoblins
  3 jackals (D:4)
  11 kobolds
  12 bats
  5 frilled lizards
  11 rats
88 creatures vanquished.

Notes
Turn   | Place    | Note
-------+----------+-------------------------------------------
     0 | D:1      | Reeggar the Troll Berserker began the quest for the Orb.
     0 | D:1      | Reached XP level 1. HP: 22/22 MP: 0/0
   152 | D:1      | Reached XP level 2. HP: 23/29 MP: 1/1
   475 | D:1      | Reached ** piety under Trog
   865 | D:1      | Reached XP level 3. HP: 35/36 MP: 2/2
  1594 | D:2      | Reached skill level 4 in Unarmed Combat
  1597 | D:2      | Reached XP level 4. HP: 27/44 MP: 3/3
  2081 | D:3      | Reached XP level 5. HP: 31/52 MP: 4/4
  2303 | D:3      | Reached skill level 5 in Unarmed Combat
  2584 | D:3      | Noticed Grinder
  2596 | D:3      | Killed Grinder
  2596 | D:3      | Reached skill level 1 in Shields
  2596 | D:3      | Reached XP level 6. HP: 40/59 MP: 5/5
  2680 | D:3      | Reached *** piety under Trog
  3165 | D:4      | Noticed Menkaure
  3178 | D:4      | Noticed Eustachio
  3183 | D:4      | Reached skill level 6 in Unarmed Combat
  3199 | D:4      | Found a staircase to the Ecumenical Temple.
  3209 | D:4      | Killed Eustachio
  3209 | D:4      | Killed from afar by Eustachio

Skill      XL: |  1  2  3  4  5  6 |
---------------+-------------------+-----
Unarmed Combat | 4 5 6 |  6.0
Dodging        | 3 4 |  4.1
Shields        | 1 |  1.2
Fighting       | |  2.9
Stealth        | |  0.6

Action                   |  1- 3 |  4- 6 || total
-------------------------+-------+-------++-------
Melee: Unarmed           |    85 |   156 ||   241
       Punch             |     1 |     1 ||     2
Invok: Trog's Hand       |       |     4 ||     4
       Berserk           |       |     2 ||     2
  Use: Scroll            |       |    10 ||    10
  Eat: Chunk             |     9 |    14 ||    23
       Ration            |     2 |       ||     2
Armor: Animal skin       |    32 |    82 ||   114
Dodge: Dodged            |    51 |    83 ||   134
Block: Shield            |       |    29 ||    29
